 Dungeon Crawl Stone Soup version 0.25.1-1-g288607f5aa (webtiles) character file.

Game seed: 15360131734274052318

226 Asdor the Skirmisher (level 5, -14/42 HPs)
             Began as a Demonspawn Abyssal Knight on July 23, 2020.
             Was a Believer of Lugonu.
             Demolished by an ogre
             ... wielding a +0 giant club
              (19 damage)
             ... on level 4 of the Dungeon.
             The game lasted 00:10:55 (4872 turns).

Asdor the Skirmisher (Demonspawn Abyssal Knight)    Turns: 4872, Time: 00:10:55

Health: -14/42     AC:  5    Str: 12    XL:     5   Next: 69%
Magic:  6/6        EV: 11    Int: 14    God:    Lugonu [**....]
Gold:   275        SH:  0    Dex: 13    Spells: 4/4 levels left

rFire    + + .     SeeInvis .   a - +1 spear
rCold    . . .     Gourm    .   (no shield)
rNeg     . . .     Faith    .   l - +0 ring mail {rF+}
rPois    +         Spirit   .   (helmet restricted)
rElec    .         Reflect  .   (no cloak)
rCorr    .         Harm     .   (no gloves)
MR       .....                  (no boots)
Stlth    ++........             (no amulet)
HPRegen  0.14/turn              f - ring of stealth
MPRegen  0.10/turn              i - ring of poison resistance

@: no status effects
A: antennae 1, fire resistance 1
a: Depart the Abyss, Bend Space, Renounce Religion


You were on level 4 of the Dungeon.
You worshipped Lugonu.
Lugonu was pleased with you.
You were not hungry.

You visited 1 branch of the dungeon, and saw 4 of its levels.
You visited the Abyss 1 time.

You collected 275 gold pieces.

Inventory:

Hand Weapons
 a - a +1 spear (weapon)
 y - a +6 club
Armour
 b - a +0 leather armour
 l - a +0 ring mail of fire resistance (worn)
 n - a +0 helmet of see invisible
Jewellery
 f - a ring of stealth (left hand)
 i - a ring of poison resistance (right hand)
 p - an uncursed ring of protection from fire {unknown}
Wands
 g - a wand of iceblast (6)
 v - a wand of clouds (7)
 w - a wand of polymorph (3)
Scrolls
 e - a scroll of holy word {unknown}
 h - a scroll of enchant armour {unknown}
 o - 4 scrolls of identify
 q - 3 scrolls of teleportation
 r - 2 scrolls of amnesia {unknown}
 s - a scroll of immolation {unknown}
 t - a scroll of enchant weapon {unknown}
 u - 3 scrolls of remove curse {unknown}
 x - a scroll of random uselessness {unknown}
Potions
 d - a potion of resistance {unknown}
 j - 2 potions of haste {unknown}
 k - a potion of lignification
 m - a potion of cancellation {unknown}
 z - a potion of mutation {unknown}
Comestibles
 c - 5 rations


   Skills:
 + Level 4.0 Fighting
 * Level 3.6 Polearms
 + Level 2.8 Armour
 + Level 2.3 Dodging
 - Level 2.4 Invocations


You had 4 spell levels left.
You didn't know any spells.
Your spell library was empty.

Dungeon Overview and Level Annotations

Branches:
Dungeon (4/15)
 Temple: D:4-7

Altars:
Elyvilon
Okawaru
Zin


Innate Abilities, Weirdness & Mutations

You have a pair of small antennae on your head.
Your flesh is heat resistant. (rF+)


Message History

The worker ant completely misses you.
Your ring mail prevents you from hitting the ogre.
The ogre hits you with a +0 giant club!
* * * LOW HITPOINT WARNING * * *
The worker ant bites you.
* * * LOW HITPOINT WARNING * * *
You are too injured to fight recklessly!
You are too injured to fight recklessly!
You are too injured to fight recklessly!
The worker ant barely misses you. The worker ant closely misses you.
You see here 16 gold pieces.
Aiming: Cloud Cone
Press: ? - help, Dir - move target cursor, f - ogre
Aim: an ogre, wielding a +0 giant club You create a blast of noxious fumes!
The worker ant is engulfed in noxious fumes.
The worker ant appears confused.
The ogre is engulfed in noxious fumes.
The ogre hits you with a +0 giant club!!
You die...

..... ##.....#######.##
.... ##.............# ....
#.............# ###.
##............# #
#.............#
+..##.........# ##.
#######..........# .#
#...######a###............#
#
#.......§§§O@..######.#####
......<.§§§##### .#
........§..# ..
#..........# ...
##........## ...#
#...?...... ####
#.........[# #..........#
#..........#


You could see an ogre and a worker ant (confused).

Vanquished Creatures
  A centaur skeleton (D:4)
  Ijyb (D:4)
  A hound skeleton (D:4)
  A gnoll (D:1)
  6 adders
  2 oozes
  A worm (D:2)
  5 dart slugs
  A leopard gecko (D:4)
  An orc (D:4)
  14 bats
  4 giant cockroaches
  8 goblins
  8 hobgoblins
  3 jackals (D:2)
  7 kobolds
  4 quokkas
  2 frilled lizards
  5 rats
75 creatures vanquished.

Notes
Turn   | Place    | Note
-------+----------+-------------------------------------------
     0 | Abyss:1  | Asdor the Demonspawn Abyssal Knight began the quest for the
                  | Orb.
     0 | Abyss:1  | Reached XP level 1. HP: 18/18 MP: 2/2
    98 | Abyss:3  | Noticed an elephant
    98 | Abyss:3  | Noticed a dire elephant
    99 | Abyss:3  | Noticed a dire elephant
   101 | Abyss:3  | Noticed a black draconian shifter
   101 | Abyss:3  | Noticed a dire elephant
   117 | Abyss:3  | Noticed a raiju
   118 | Abyss:3  | Noticed a raiju
   139 | Abyss:3  | Noticed a large abomination
   150 | Abyss:3  | Noticed a rakshasa
   151 | D:1      | Escaped the Abyss
   196 | D:1      | Found an iron altar of Okawaru.
   610 | D:1      | Reached skill level 1 in Dodging
   765 | D:1      | Gained mutation: Your flesh is heat resistant. (rF+)
                  | [demonic ancestry]
   765 | D:1      | Reached XP level 2. HP: 24/24 MP: 3/3
   992 | D:1      | Reached * piety under Lugonu
  1092 | D:1      | Reached XP level 3. HP: 23/29 MP: 4/4
  2348 | D:2      | Gained mutation: You have a pair of small antennae on your
                  | head. [demonic ancestry]
  2348 | D:2      | Reached XP level 4. HP: 32/35 MP: 5/5
  3294 | D:3      | Found a white marble altar of Elyvilon.
  3340 | D:3      | Reached ** piety under Lugonu
  3535 | D:3      | Found a glowing silver altar of Zin.
  4268 | D:4      | Reached XP level 5. HP: 41/42 MP: 6/6
  4412 | D:4      | Noticed Ijyb
  4422 | D:4      | Killed Ijyb
  4858 | D:4      | Noticed an ogre
  4865 | D:4      | Reached skill level 4 in Fighting
  4872 | D:4      | Demolished by an ogre

Illustrated notes

Levels and vault maps discovered:
D:1:      dpeg_arrival_subterranean_lakeside_camping, layout_loops_corners,
          kennysheep_small_spiral, minmay_misc_feat_hallway,
          okawaru_ov_weapons_minmay
D:2:      layout_loops_ring, kennysheep_generic_room_3
D:3:      cheibrodos_helix_gallery, layout_basic, lemuel_crystal_altar,
          elyvilon_altar_5
D:4:      layout_rooms, regret_index_temple_of_mockery, first_ration,
          serial_shops, kennysheep_mini_moat, uniq_ijyb

Skill      XL: |  1  2  3  4  5 |
---------------+----------------+-----
Dodging        | 1 2 |  2.3
Polearms       | 2 3 |  3.6
Armour         | 2 |  2.8
Fighting       | 4 |  4.0
Invocations    | |  2.4

Action                   |  1- 3 |  4- 6 || total
-------------------------+-------+-------++-------
Melee: Spear             |   148 |   198 ||   346
Invok: Depart the Abyss  |     1 |       ||     1
Evoke: Wand              |       |     2 ||     2
  Use: Scroll            |     1 |     1 ||     2
       Potion            |       |     1 ||     1
 Stab: Sleeping          |     8 |     4 ||    12
       Distracted        |     2 |       ||     2
  Eat: Chunk             |     4 |     9 ||    13
Armor: Leather armour    |    19 |       ||    19
       Ring mail         |    20 |    65 ||    85
       Skin              |       |    30 ||    30
Dodge: Dodged            |    71 |    96 ||   167
